[Event "Gibraltar Challengers B 2019"]
[Site "Caleta"]
[Date "2019.01.27"]
[Round "2"]
[White "Weeramantry, Sunil"]
[Black "Kandic, Milan"]
[Result "1-0"]
[ECO "C41"]
[WhiteElo "2007"]
[BlackElo "2136"]
[Annotator "NA"]
[PlyCount "75"]
[EventDate "2019.01.18"]
[EventType "swiss"]
[EventCountry "GGB"]
[SourceTitle "playchess.com"]
[Source "ChessBase"]
[SourceQuality "1"]
[TimeControl "6600+10"]

1. e4 d6 2. d4 Nf6 3. Nc3 e5 4. Nf3 Nbd7 5. Bc4 Be7 6. O-O O-O 7. a4 a5 8. h3 c6 9. Re1 Qc7 10. Be3 exd4 {[%emt 0:04:05] C41: Philidor Defence} (10... Nb6 11. Ba2 Nfd7 12. Qe2 Bf6 13. d5 Be7 14. Rad1 Nf6 15. Nd2 Bd7 16. Nc4 Nxc4 17. Qxc4 Rac8 18. Qb3 cxd5 {1-0 (80) Howell,D (2644)-Maghsoodloo,P (2584) Doha 2016}) 11. Nxd4 {[%emt 0:00:09] LiveBook: 12 Games} Nc5 12. Bf4 Ne6 $146 ({Predecessor:} 12... Be6 13. Bxe6 fxe6 14. e5 Nd5 15. Nxd5 exd5 16. Qg4 Qc8 17. e6 h5 {0-1 (38) Scherbak,Y (2148)-Gayun,D (2263) Vinnytsia 2018}) 13. Bg3 Nxd4 14. Qxd4 Nd7 15. Rad1 Ne5 16. Bf1 b6 17. Kh1 Ba6 18. Bxa6 Rxa6 19. f4 Ng6 20. Rd3 Ra7 21. Red1 Rb7 22. Qf2 Qc8 23. f5 Ne5 24. Bxe5 dxe5 25. Qd2 h6 26. Ne2 Bg5 27. Qc3 Re8 ({Black should play} 27... b5 $11) 28. Rd6 Rc7 29. Qg3 Qa6 30. Qg4 Kh7 31. h4 Bf6 $2 (31... Bxh4 $1 $11 32. b3 Be7) 32. Ng3 Rg8 33. Nh5 Be7 34. f6 gxf6 35. Nxf6+ Bxf6 36. Qf5+ {[%emt 0:00:08] Double Attack} Rg6 37. h5 Qc8 38. hxg6+ 1-0

[Event "Gibraltar Challengers B 2019"]
[Site "Caleta"]
[Date "2019.01.27"]
[Round "2"]
[White "Vinal Gutierrez, Pedro"]
[Black "Lim, Zhuo Ren"]
[Result "0-1"]
[ECO "B23"]
[WhiteElo "1997"]
[BlackElo "2178"]
[Annotator "ChessBase"]
[PlyCount "60"]
[EventDate "2019.01.18"]
[EventType "swiss"]
[EventCountry "GGB"]
[SourceTitle "playchess.com"]
[Source "ChessBase"]
[SourceQuality "1"]
[TimeControl "6600+10"]

1. e4 c5 2. Nc3 Nc6 3. Bb5 Nd4 4. Bc4 e6 5. Nge2 Ne7 6. O-O Nec6 7. d3 Be7 8. f4 Na5 9. Be3 Nxe2+ 10. Qxe2 a6 11. a3 Nxc4 12. dxc4 Qc7 13. Qg4 O-O 14. f5 Bf6 15. Bh6 Kh8 16. Bf4 d6 17. Qg3 Rd8 18. Rad1 Bxc3 19. bxc3 e5 20. Bxe5 dxe5 21. Qxe5 Qa5 22. Qe7 Rg8 23. Qxf7 Qxc3 24. f6 gxf6 25. Rd3 Qe5 26. Rxf6 Qxe4 27. Rff3 Qg6 28. g3 Bg4 29. Rf4 Qxf7 30. Rxf7 Rg7 0-1

[Event "Gibraltar Challengers B 2019"]
[Site "Caleta"]
[Date "2019.01.27"]
[Round "2"]
[White "Skutta, Bernd"]
[Black "Berrocal Ruiz, Valentin"]
[Result "0-1"]
[ECO "A45"]
[WhiteElo "1988"]
[BlackElo "2127"]
[Annotator "NA"]
[PlyCount "66"]
[EventDate "2019.01.18"]
[EventType "swiss"]
[EventCountry "GGB"]
[SourceTitle "playchess.com"]
[Source "ChessBase"]
[SourceQuality "1"]
[TimeControl "6600+10"]

1. d4 Nf6 2. Bf4 c5 3. d5 {[%emt 0:00:20] A45: Trompowsky Attack} d6 (3... b5 4. f3 e6 5. e4 c4 6. a4 exd5 7. exd5 Bb4+ 8. c3 Qe7+ 9. Qe2 Bc5 10. d6 Qxe2+ 11. Nxe2 {0-1 (50) Aronian,L (2765)-Caruana,F (2832) London 2018}) 4. Nc3 g6 5. h3 Bg7 6. e4 O-O 7. Nf3 b5 8. e5 dxe5 9. Bxe5 a6 10. Bd3 $146 ({Predecessor:} 10. Be2 Bb7 11. d6 exd6 12. Bxd6 Re8 13. a3 Nbd7 {½-½ (13) Pewny,U (2176)-Konietzka,L (1989) Ruhrgebiet 2004}) 10... Nbd7 11. Bh2 Nb6 12. O-O c4 13. Be2 Nbxd5 14. Nxd5 Nxd5 15. c3 Bb7 16. a4 Re8 17. axb5 axb5 18. Nd4 Qb6 19. Qd2 e5 20. Nc2 (20. Rxa8 {keeps fighting.} Bxa8 21. Nc2) 20... Rad8 21. Qc1 Qc6 22. f3 Bf8 23. Kh1 Bc5 24. Rd1 Qb6 25. Qg5 f6 26. Qh6 Ne7 27. Qh4 Nf5 28. Qe1 h5 $19 29. g4 hxg4 30. hxg4 Bf2 31. Qf1 Nh4 32. Qh3 Rd3 33. Ne1 Bxe1 0-1

[Event "Gibraltar Challengers B 2019"]
[Site "Caleta"]
[Date "2019.01.27"]
[Round "2"]
[White "Garcia Lopez, Juan Antonio"]
[Black "Nikolaidis, Konstantinos"]
[Result "0-1"]
[ECO "B55"]
[WhiteElo "1964"]
[BlackElo "2167"]
[Annotator "ChessBase"]
[PlyCount "138"]
[EventDate "2019.01.18"]
[EventType "swiss"]
[EventCountry "GGB"]
[SourceTitle "playchess.com"]
[Source "ChessBase"]
[SourceQuality "1"]
[TimeControl "6600+10"]

1. e4 c5 2. Nf3 d6 3. d4 cxd4 4. Nxd4 Nf6 5. Bd3 g6 6. c4 Bg7 7. Nc3 Nc6 8. Nc2 Bd7 9. O-O O-O 10. h3 Ne5 11. f4 Nxd3 12. Qxd3 Bc6 13. Rb1 b6 14. Nd4 Bb7 15. Be3 a6 16. Nd5 Nd7 17. b4 Rc8 18. Rfc1 e6 19. Nc3 Ne5 20. fxe5 dxe5 21. Rd1 exd4 22. Bxd4 e5 23. Bf2 Qxd3 24. Rxd3 Rxc4 25. Bxb6 f5 26. Nd5 Rxe4 27. Ne7+ Kh8 28. Rd7 Ba8 29. Rc1 Rxb4 30. Nc8 e4 31. Rcc7 Be5 32. Rxh7+ Kg8 33. Bc5 Rb1+ 34. Kf2 Rb2+ 35. Kf1 Rb1+ 36. Kf2 Rb2+ 37. Kf1 Bxc7 38. Rxc7 Rb7 39. Rxb7 Bxb7 40. Bxf8 Kxf8 41. Nb6 Ke7 42. Kf2 Kd6 43. Ke3 g5 44. g3 Bd5 45. a3 Bb3 46. Kd4 Kc7 47. Nc4 Bxc4 48. Kxc4 f4 49. gxf4 gxf4 50. Kd4 e3 51. Kd3 Kd6 52. Ke2 Ke5 53. Kf3 Kf5 54. a4 Kg5 55. Kg2 a5 56. Kf3 Kh4 57. Kg2 e2 58. Kf2 f3 59. Ke1 Kxh3 60. Kf2 Kh2 61. Ke1 Kg1 62. Kd2 Kf1 63. Ke3 f2 64. Kd4 e1=Q 65. Kc5 Kg2 66. Kd5 f1=Q 67. Kd6 Qc4 68. Kd7 Qee6+ 69. Kd8 Qcc8# 0-1

[Event "Gibraltar Challengers B 2019"]
[Site "Caleta"]
[Date "2019.01.27"]
[Round "2"]
[White "Lutz, Juergen"]
[Black "Schouten, Freek"]
[Result "0-1"]
[ECO "B07"]
[WhiteElo "1960"]
[BlackElo "2087"]
[Annotator "NA"]
[PlyCount "52"]
[EventDate "2019.01.18"]
[EventType "swiss"]
[EventCountry "GGB"]
[SourceTitle "playchess.com"]
[Source "ChessBase"]
[SourceQuality "1"]
[TimeControl "6600+10"]

1. e4 g6 2. d4 Bg7 3. Nc3 d6 4. Bc4 Nf6 5. Qe2 O-O 6. e5 Nfd7 7. e6 {[%emt 0:05:57] B07: Pirc Defence: Miscellaneous Systems} Nb6 8. exf7+ Kh8 9. h4 (9. Nf3 $16) 9... Nxc4 $146 ({Predecessor:} 9... Nc6 10. h5 g5 11. Nf3 Nxc4 12. Qxc4 h6 13. d5 Na5 14. Qa4 c6 {0-1 (41) Collas,D (2416)-Shchekachev,A (2555) Bogny sur Meuse 2002}) 10. h5 Bf5 11. g4 Nc6 $2 (11... d5 $14) 12. gxf5 gxf5 13. Qxc4 Nxd4 14. Bh6 Bxh6 15. Qxd4+ e5 16. Qd5 Qe7 17. Qxb7 Rab8 18. Qxa7 Rxb2 19. Nge2 Qxf7 20. Qa4 Rfb8 21. a3 d5 $1 22. Qc6 R2b6 23. Qxd5 Qxd5 24. Nxd5 Rb1+ 25. Nc1 Rxa1 26. Ke2 $19 Rxc1 0-1

[Event "Gibraltar Challengers B 2019"]
[Site "Caleta"]
[Date "2019.01.27"]
[Round "2"]
[White "James, Kevin"]
[Black "Suez-Panama, Gilles"]
[Result "1-0"]
[ECO "E76"]
[WhiteElo "1948"]
[BlackElo "2078"]
[Annotator "NA"]
[PlyCount "77"]
[EventDate "2019.01.18"]
[EventType "swiss"]
[EventCountry "GGB"]
[SourceTitle "playchess.com"]
[Source "ChessBase"]
[SourceQuality "1"]
[TimeControl "6600+10"]

1. d4 Nf6 2. c4 g6 3. Nc3 Bg7 4. e4 d6 5. f4 O-O 6. Nf3 Na6 7. Be2 e5 8. fxe5 dxe5 9. Nxe5 {[%emt 0:00:24] LiveBook: 24 Games E76: King's Indian: Four Pawns Attack: Lines specific to 6 Nf3 move-order} (9. d5 Nc5 10. Bg5 h6 11. Bxf6 Qxf6 12. b4 Nd7 13. a3 a5 14. c5 Qe7 15. Rc1 axb4 16. axb4 b6 17. d6 cxd6 18. Nd5 Qd8 19. c6 Nf6 20. c7 Qe8 21. Nxb6 {1-0 (31) Nguyen,N (2625)-Guseinov,G (2631) Khanty-Mansiysk 2013}) 9... c5 10. Be3 cxd4 11. Bxd4 Qa5 12. Nf3 $146 ({Predecessor:} 12. O-O Be6 13. Nd3 Bxc4 14. Kh1 Qg5 15. Rf3 Rad8 16. Qg1 Rfe8 {1-0 (40) Byklum,B (2252)-Sagafos,M (2430) Norway 2012}) 12... Bg4 13. O-O Rad8 {[%emt 0:04:51] [#]} ({Black should try} 13... Nc7) 14. Nd5 $1 Nxd5 15. exd5 Bxd4+ 16. Qxd4 Bxf3 17. Rxf3 Qc5 18. Qxc5 Nxc5 19. b4 Ne4 20. Rd1 b6 21. Rd4 f5 22. Bd1 Rfe8 {[%emt 0:03:32] [#]} 23. Re3 ({White should try} 23. g4 $1 $18 ) 23... Kf7 24. Bf3 Ng5 25. Rxe8 Nxf3+ 26. gxf3 Kxe8 27. Kf2 Rc8 28. Ke3 g5 29. Kd3 Kd7 30. Kc3 Kd6 31. Rd3 f4 32. Kd4 Rc7 $2 (32... Kc7 33. c5 Ra8 34. d6+ Kc6) 33. Rc3 h5 34. c5+ bxc5+ 35. bxc5+ Kd7 36. Ke5 Rc8 37. c6+ Ke7 38. d6+ Ke8 39. d7+ {[%emt 0:00:28] Double Attack} 1-0

[Event "Gibraltar Challengers B 2019"]
[Site "Caleta"]
[Date "2019.01.27"]
[Round "2"]
[White "Gillis Onieva, Celia"]
[Black "Cao Armillas, Jesus"]
[Result "0-1"]
[ECO "D85"]
[WhiteElo "1930"]
[BlackElo "2048"]
[Annotator "NA"]
[PlyCount "72"]
[EventDate "2019.01.18"]
[EventType "swiss"]
[EventCountry "GGB"]
[SourceTitle "playchess.com"]
[Source "ChessBase"]
[SourceQuality "1"]
[TimeControl "6600+10"]

1. d4 Nf6 2. c4 g6 3. Nc3 d5 4. cxd5 Nxd5 5. e4 Nxc3 6. bxc3 Bg7 7. Nf3 O-O 8. Be2 {[%emt 0:00:24] LiveBook: 444 Games} c5 9. Rb1 b6 10. O-O Bb7 11. Qd3 cxd4 12. cxd4 Qd7 13. Bb2 {[%emt 0:05:52] D85: Exchange Grünfeld: Unusual White 7th moves and lines with 7 Nf3} (13. Bf4 e6 14. Rfc1 Nc6 15. d5 exd5 16. exd5 Na5 17. d6 Nc6 18. Qd2 Rac8 19. Bb5 Rfe8 20. Re1 a6 {1-0 (34) Patrici,N (2527)-Biella Bianchi,D (2455) LIPEAP corr 2002}) 13... e6 $146 ({Predecessor:} 13... Qa4 14. d5 Ba6 15. Qe3 Qxa2 16. Bxg7 Kxg7 17. Qc3+ Kg8 18. Rb2 Qa4 19. Rb4 Qd7 20. Bxa6 Nxa6 {0-1 (33) Mustelin,J-Salokangas,H Tampere 1988}) 14. Rfd1 Rd8 15. Rbc1 Nc6 16. d5 Bxb2 17. dxc6 Qxd3 18. Bxd3 Bxc1 19. cxb7 Rab8 20. Ne5 Rxb7 (20... Bb2 $17 21. Nc6 {[#]} Rxd3 $1 22. Rxd3 Rxb7) 21. Rxc1 b5 22. Bf1 Rd2 23. Ng4 f5 (23... Kg7 $1 $15 24. e5 Rb8) 24. exf5 exf5 25. Nf6+ Kf7 26. Nxh7 Rxa2 27. Rb1 Kg7 28. Ng5 b4 29. h4 (29. Ne6+ $15 Kh7 30. Nc5) 29... a5 30. Bc4 (30. Ne6+ $142 Kf6 31. Bc4) 30... Rc2 31. Bb3 Rc3 32. Ne6+ Kh6 $11 (32... Kf6 $5 33. Nf4 Kg7 $11) 33. Rd1 Rxb3 34. Nc5 Rc3 35. Nxb7 a4 36. Rd8 b3 0-1

[Event "Gibraltar Challengers B 2019"]
[Site "Caleta"]
[Date "2019.01.27"]
[Round "2"]
[White "Nandi, Robin J"]
[Black "Kukic, Boris"]
[Result "0-1"]
[ECO "B00"]
[WhiteElo "1903"]
[BlackElo "2035"]
[Annotator "NA"]
[PlyCount "62"]
[EventDate "2019.01.18"]
[EventType "swiss"]
[EventCountry "GGB"]
[SourceTitle "playchess.com"]
[Source "ChessBase"]
[SourceQuality "1"]
[TimeControl "6600+10"]

1. d4 d6 2. e4 Nf6 3. Nc3 Nc6 4. Be3 {[%emt 0:03:08] B00: Queen's Fianchetto Defence, Nimzowitsch Defence} Ng4 5. Bg5 h6 6. Bh4 Nf6 $146 ({Predecessor:} 6... g5 7. Bg3 e5 8. Bb5 exd4 9. Qxd4 Qf6 10. e5 dxe5 11. Qa4 Qe6 {1-0 (23) Fedorchuk,S (2638)-Velten,P (2473) Vandoeuvre 2018}) 7. Qd2 a6 8. O-O-O e6 9. f4 Be7 10. Nf3 d5 11. e5 Nd7 12. Bxe7 Qxe7 13. Bd3 Nb6 14. g4 Bd7 15. f5 O-O-O 16. Qf4 Kb8 17. h4 Nb4 18. Rhg1 Nxd3+ 19. Rxd3 Nc4 20. a3 g6 21. f6 Qf8 22. h5 g5 23. Nxg5 hxg5 24. Qxg5 c5 25. Qf4 cxd4 26. Nxd5 Qc5 27. Ne7 (27. b4 {was worth a try.} Qc6 28. Ne7) 27... Ba4 28. b4 Qc7 29. Rxd4 Nxe5 30. Rxd8+ Rxd8 31. Qe4 Qc3 0-1

[Event "Gibraltar Challengers B 2019"]
[Site "Caleta"]
[Date "2019.01.27"]
[Round "2"]
[White "Gostelow, David W"]
[Black "Bottema, Martin"]
[Result "1/2-1/2"]
[ECO "D02"]
[WhiteElo "1850"]
[BlackElo "2104"]
[Annotator "NA"]
[PlyCount "37"]
[EventDate "2019.01.18"]
[EventType "swiss"]
[EventCountry "GGB"]
[SourceTitle "playchess.com"]
[Source "ChessBase"]
[SourceQuality "1"]
[TimeControl "6600+10"]

1. d4 Nf6 2. Bf4 d5 3. e3 c5 4. c3 Nc6 5. Nd2 {[%emt 0:00:23] LiveBook: 1095 Games} e6 6. Ngf3 cxd4 7. cxd4 {[%emt 0:07:56] D02: 1 d4 d5 2 Nf3 sidelines, including 2...Nf6 3 g3 and 2...Nf6 3 Bf4} (7. exd4 Nh5 8. Be3 Bd6 9. Bd3 Nf4 10. Bxf4 Bxf4 11. g3 Bd6 12. O-O O-O 13. Re1 Bd7 14. h4 h6 {1-0 (44) Caruana,F (2822)-Aronian,L (2767) chess.com INT 2018}) 7... Qb6 8. Qb3 Qxb3 9. Nxb3 Nh5 10. Bc7 $146 ({Predecessor:} 10. Bg5 f6 11. Bh4 g5 12. Bg3 Nxg3 13. hxg3 Kf7 14. Rc1 Bd6 {½-½ (50) Nemcova,K (2313)-Padmini,R (2375) Khanty-Mansiysk 2017}) 10... Kd7 11. Bg3 Nxg3 12. hxg3 Bb4+ 13. Kd1 Ke7 14. a3 Bd6 15. Rc1 Bd7 16. Nc5 Bxc5 17. Rxc5 $11 h6 18. Bd3 Kd6 19. b4 {[%emt 0:13:40] Ke5 [%emt 00:01:58]} 1/2-1/2

[Event "Gibraltar Challengers B 2019"]
[Site "Caleta"]
[Date "2019.01.27"]
[Round "2"]
[White "Erdogan, Hassan"]
[Black "Saber, Yasser"]
[Result "1/2-1/2"]
[ECO "A41"]
[WhiteElo "1833"]
[BlackElo "2201"]
[Annotator "NA"]
[PlyCount "104"]
[EventDate "2019.01.18"]
[EventType "swiss"]
[EventCountry "GGB"]
[SourceTitle "playchess.com"]
[Source "ChessBase"]
[SourceQuality "1"]
[TimeControl "6600+10"]

1. d4 d6 2. Nf3 g6 3. Bf4 Bg7 4. e3 f5 {[%emt 0:00:05] LiveBook: 7 Games} 5. Be2 {[%emt 0:02:54] A41: 1 d4 d6: Tartakower System and Modern Defence} (5. c4 Nf6 6. Nc3 O-O 7. h3 h6 8. Be2 Qe8 9. d5 Na6 10. Bh2 Bd7 11. O-O c6 12. dxc6 bxc6 13. Qc2 Nc5 14. Rfd1 g5 15. Rab1 {1-0 (42) Karjakin,S (2783)-Nepomniachtchi,I (2751) chess.com INT 2017}) 5... Nf6 6. O-O O-O 7. h3 Ne4 8. c3 Nc6 9. Nbd2 e5 10. Bh2 Nxd2 11. Nxd2 e4 12. Qc2 $146 ({Predecessor:} 12. c4) 12... a5 13. a3 Be6 14. b4 g5 15. b5 Ne7 16. a4 Nd5 17. Bc4 c6 18. Rab1 Kh8 19. Qb3 Rc8 (19... Re8 $14) 20. Qa3 Rf6 ({Black should try} 20... f4 $1 $14) 21. Bxd6 Nxc3 22. Rbc1 ({Resist} 22. Qxc3 Qxd6 23. Bxe6 (23. Qxa5 Bd5 $16) 23... Qxe6 $16) (22. bxc6 $18 {has better winning chances.} Nxb1 23. Rxb1 bxc6 24. Be7) 22... Bxc4 23. Rxc3 Rxd6 24. Rxc4 g4 25. h4 Bf8 {[%emt 0:03:32] [#]} 26. g3 $1 Rd5 27. Qc1 Bb4 28. Nb3 Qd6 29. Qc2 Qe6 30. Rc1 Rd6 31. Qe2 Kg8 32. Na1 Rb8 33. Nc2 cxb5 34. axb5 Rc8 35. Nxb4 Rxc4 36. Qxc4 Qxc4 37. Rxc4 axb4 38. Rxb4 Kf7 39. Kf1 Ke6 40. Ke2 Rd7 (40... Rd8 $142) 41. Rc4 Rd5 42. Rc5 (42. Rc7 $16 Rxb5 43. Rxh7) 42... Rxc5 43. dxc5 Kd5 44. c6 bxc6 45. bxc6 Kxc6 46. Kd2 Kc5 47. Kc3 h6 48. Kb3 Kb5 49. Kc3 $11 Kc5 50. Kb3 Kb5 51. Kc3 Kc5 52. Kb3 Kd5 1/2-1/2

[Event "Gibraltar Challengers B 2019"]
[Site "Caleta"]
[Date "2019.01.27"]
[Round "2"]
[White "Maldonado Mena, German"]
[Black "Alarcon Olmos, Daniel"]
[Result "1-0"]
[ECO "D02"]
[WhiteElo "1808"]
[BlackElo "2124"]
[Annotator "ChessBase"]
[PlyCount "145"]
[EventDate "2019.01.18"]
[EventType "swiss"]
[EventCountry "GGB"]
[SourceTitle "playchess.com"]
[Source "ChessBase"]
[SourceQuality "1"]
[TimeControl "6600+10"]

1. Nf3 d5 2. d4 Nf6 3. Bf4 e6 4. e3 Be7 5. Bd3 b6 6. c3 Nbd7 7. Nbd2 Bb7 8. O-O Nh5 9. Be5 Nhf6 10. Bg3 Ne4 11. Bf4 Ndf6 12. Ne5 O-O 13. Bb5 a6 14. Nc6 Qd7 15. Nxe7+ Qxe7 16. Bd3 Nxd2 17. Qxd2 Nh5 18. Qe2 Nxf4 19. exf4 c5 20. f5 Qf6 21. fxe6 cxd4 22. cxd4 Qxd4 23. exf7+ Rxf7 24. Rad1 Qf6 25. Rfe1 d4 26. Bc4 Raf8 27. Bxf7+ Qxf7 28. Qe6 Rd8 29. Qxb6 Rf8 30. Qe6 Rd8 31. Qxf7+ Kxf7 32. Rd3 Kf6 33. f3 a5 34. Rc1 Rd5 35. Rc7 Ba8 36. Ra7 Bc6 37. Ra6 Rd6 38. Rxa5 Bd7 39. g4 g5 40. Rc5 Be8 41. Rf5+ Ke6 42. Rxg5 Bg6 43. Rxg6+ hxg6 44. Kf2 Kd5 45. b3 g5 46. Rd2 Re6 47. Kg3 Re3 48. h4 gxh4+ 49. Kxh4 Rxf3 50. g5 d3 51. Kg4 Ke4 52. g6 Rf1 53. Rg2 Ke3 54. g7 d2 55. g8=Q d1=Q+ 56. Kg5 Qd7 57. Rg3+ Kd2 58. Rg2+ Ke1 59. Qg6 Qd8+ 60. Kh5 Qh8+ 61. Kg4 Qd4+ 62. Kh3 Qh8+ 63. Kg4 Qc8+ 64. Kg3 Qc7+ 65. Kh3 Rh1+ 66. Kg4 Qd7+ 67. Kf3 Rf1+ 68. Ke3 Qa7+ 69. Ke4 Qb7+ 70. Kd3 Rf3+ 71. Kc2 Qc8+ 72. Kb1 Qc7 73. Qe4+ 1-0

[Event "Gibraltar Challengers B 2019"]
[Site "Caleta"]
[Date "2019.01.27"]
[Round "2"]
[White "Sidali, Elias Hulleberg"]
[Black "Orndahl, Mats"]
[Result "1/2-1/2"]
[ECO "C00"]
[WhiteElo "1783"]
[BlackElo "2160"]
[Annotator "ChessBase"]
[PlyCount "65"]
[EventDate "2019.01.18"]
[EventType "swiss"]
[EventCountry "GGB"]
[SourceTitle "playchess.com"]
[Source "ChessBase"]
[SourceQuality "1"]
[TimeControl "6600+10"]

1. e4 c5 2. Nf3 e6 3. Qe2 Nc6 4. g3 Nge7 5. Bg2 d5 6. d3 g6 7. O-O Bg7 8. e5 O-O 9. h4 h6 10. Bf4 Nf5 11. c4 a6 12. Nc3 Ncd4 13. Nxd4 cxd4 14. Nb1 Re8 15. Qd2 Kh7 16. Na3 Ra7 17. Rac1 b6 18. cxd5 exd5 19. Nc2 Rae7 20. g4 Nxh4 21. Nxd4 Bb7 22. Nc6 Bxc6 23. Rxc6 Nxg2 24. Kxg2 Qd7 25. Rxb6 Qxg4+ 26. Bg3 Bxe5 27. Rh1 h5 28. Rh4 Qf5 29. Bxe5 Rxe5 30. Qf4 R8e6 31. Qxf5 Rxf5 32. Rxe6 fxe6 33. Ra4 1/2-1/2

[Event "Gibraltar Challengers B 2019"]
[Site "Caleta"]
[Date "2019.01.27"]
[Round "2"]
[White "Tkadlecek, Petr"]
[Black "Herzwurm, Robert"]
[Result "1/2-1/2"]
[ECO "D02"]
[WhiteElo "1719"]
[BlackElo "2021"]
[Annotator "NA"]
[PlyCount "46"]
[EventDate "2019.01.18"]
[EventType "swiss"]
[EventCountry "GGB"]
[SourceTitle "playchess.com"]
[Source "ChessBase"]
[SourceQuality "1"]
[TimeControl "6600+10"]

1. d4 Nf6 2. Nf3 g6 3. Bf4 Bg7 4. e3 O-O 5. Bd3 d5 6. O-O {[%emt 0:00:30] LiveBook: 6 Games} c5 {[%emt 0:02:15] D02: 1 d4 d5 2 Nf3 sidelines, including 2...Nf6 3 g3 and 2...Nf6 3 Bf4} (6... Bg4 7. Nbd2 c6 8. h3 Bxf3 9. Nxf3 Qb6 10. b3 Nbd7 11. c4 e6 12. Rb1 Rfe8 13. Bh2 Ne4 14. Qc2 f5 15. c5 Qd8 {½-½ (53) Sandipan,C (2594)-Yu,Y (2675) Dubai 2014}) 7. c3 Nc6 8. h3 Nd7 9. Bc2 e5 10. dxe5 Ndxe5 11. Nxe5 Nxe5 12. Nd2 Be6 $146 ({Predecessor:} 12... b6 13. a4 Ba6 14. Re1 Nc6 15. Nf3 {0-1 (44) Campos Lopez,M (2355)-Fedorowicz,J (2360) Mexico 1978}) 13. a4 Qd7 14. Qe2 Rfd8 15. Rfd1 Rac8 16. Bg5 $11 Re8 17. Ne4 Bf5 18. Nf6+ Bxf6 19. Bxf6 Bxc2 20. Qxc2 Qe6 21. Bxe5 Qxe5 22. Qb3 Red8 23. Qxb7 Rb8 1/2-1/2

[Event "Gibraltar Challengers B 2019"]
[Site "Caleta"]
[Date "2019.01.28"]
[Round "3"]
[White "Schouten, Freek"]
[Black "Gostelow, David W"]
[Result "1/2-1/2"]
[ECO "D15"]
[WhiteElo "2087"]
[BlackElo "1850"]
[Annotator "NA RC"]
[PlyCount "36"]
[EventDate "2019.01.18"]
[EventType "swiss"]
[EventCountry "GGB"]
[SourceTitle "playchess.com"]
[Source "ChessBase"]
[SourceQuality "1"]
[TimeControl "6600+10"]

1. d4 d5 2. Nf3 Nf6 3. c4 c6 4. Nc3 Qb6 {[%emt 0:00:34] LiveBook: 168 Games} 5. Qc2 {[%emt 0:04:31] D15: Slav Defence: 4 Nc3 a6 and gambit lines after 4 Nc3 dxc4} (5. e3 Bf5 6. Bd3 Bxd3 7. Qxd3 e6 8. O-O Qa6 9. b3 Bb4 10. Bd2 O-O 11. a3 Bxc3 12. Bxc3 Nbd7 13. Rfd1 b6 {1-0 (57) Salem,A (2656)-Nakamura,H (2779) Doha 2016}) 5... g6 6. Bf4 Bf5 7. Qc1 Bg7 $146 ({Predecessor:} 7... dxc4 8. e3 Na6 9. a3 Bd3 10. Bxd3 cxd3 11. O-O Bg7 12. Ne5 Nh5 13. Nxd3 Nxf4 14. Nxf4 {1-0 (50) Anurag,J-Mohammad,M (2055) Kolkata 2002}) 8. e3 O-O 9. Nh4 Be6 10. c5 Qd8 11. h3 Nbd7 12. Bd3 b6 13. b4 (13. cxb6 $1 $11 {keeps the balance.} Qxb6 14. Nf3) 13... bxc5 14. bxc5 Qa5 15. O-O Nh5 16. Bh2 Bf6 ({Black should try} 16... Nxc5 $1 $17 17. Be2 Ne4 18. Nxe4 dxe4 19. Qxc6 Nf6) 17. Nf3 Nxc5 18. Be2 Ng7 $11 1/2-1/2

[Event "Gibraltar Challengers B 2019"]
[Site "Caleta"]
[Date "2019.01.28"]
[Round "3"]
[White "Suez-Panama, Gilles"]
[Black "Gillis Onieva, Celia"]
[Result "0-1"]
[ECO "E12"]
[WhiteElo "2078"]
[BlackElo "1930"]
[Annotator "NA RC"]
[PlyCount "76"]
[EventDate "2019.01.18"]
[EventType "swiss"]
[EventCountry "GGB"]
[SourceTitle "playchess.com"]
[Source "ChessBase"]
[SourceQuality "1"]
[TimeControl "6600+10"]

1. d4 Nf6 2. Nf3 e6 3. c4 b6 4. a3 c5 5. d5 Ba6 6. b3 exd5 7. cxd5 g6 {[%emt 0:00:17] E12: Queen's Indian: Unusual White 4th moves, 4 a3, 4 Nc3 Bb7 5 a3 and 4 Nc3 Bb7} 8. Bb2 {[%emt 0:03:27] LiveBook: 12 Games} Bg7 9. Qc2 O-O 10. Nc3 Re8 11. e3 $146 ({Predecessor:} 11. g3 d6 12. e3 Bb7 13. Rd1 Na6 14. Bg2 Nc7 15. O-O Nfxd5 {0-1 (26) Haessel,D (2234)-Shankland,S (2646) Edmonton 2016}) 11... Bxf1 12. Kxf1 d6 13. h4 Nbd7 14. Rd1 Ne5 15. Nxe5 Rxe5 16. Ne2 Rxd5 17. Rxd5 Nxd5 18. Bxg7 Kxg7 19. e4 Nf6 20. Nf4 Qe7 21. f3 Qe5 22. g3 h5 23. Kg2 d5 24. exd5 Nxd5 25. Nxd5 Qxd5 26. Rd1 Qe6 27. Qc3+ Kg8 28. Re1 Qd6 29. Qc4 Rd8 30. Qb5 Kg7 31. a4 Qd2+ 32. Re2 Qd1 33. Qc4 Rd3 34. Qe4 Qxb3 35. Qe5+ Kh7 36. Qb8 (36. Qf4 {keeps fighting.}) 36... Qd5 37. Re4 $2 (37. Qf4 $19) 37... Rd2+ 38. Kh3 Qf5+ {[%emt 0:00:09] Double Attack} 0-1

[Event "Gibraltar Challengers B 2019"]
[Site "Caleta"]
[Date "2019.01.28"]
[Round "3"]
[White "Alami, Halim"]
[Black "Elishev, Ivan"]
[Result "0-1"]
[ECO "B31"]
[WhiteElo "2059"]
[BlackElo "2224"]
[Annotator "ChessBase"]
[PlyCount "84"]
[EventDate "2019.01.18"]
[EventType "swiss"]
[EventCountry "GGB"]
[SourceTitle "playchess.com"]
[Source "ChessBase"]
[SourceQuality "1"]
[TimeControl "6600+10"]

1. e4 c5 2. Nf3 Nc6 3. Bb5 g6 4. O-O Bg7 5. Re1 e5 6. Bxc6 bxc6 7. c3 Ne7 8. d4 cxd4 9. cxd4 exd4 10. Nxd4 O-O 11. Nc3 Qc7 12. Be3 f5 13. Bg5 Qd6 14. Nxc6 Qxc6 15. Bxe7 Rf7 16. Qb3 Bxc3 17. bxc3 fxe4 18. Rad1 d5 19. Bg5 Be6 20. Qa3 Rc8 21. Rc1 Qc5 22. Qb2 d4 23. Bd2 Qf5 24. cxd4 Qxf2+ 25. Kh1 e3 26. Bc3 Bd5 27. Rg1 Qxb2 28. Bxb2 Rxc1 29. Bxc1 e2 30. Bd2 Rf1 31. a3 g5 32. h3 h5 33. Kh2 Kf7 34. Be1 g4 35. a4 Kg6 36. a5 a6 37. hxg4 hxg4 38. Bh4 Kf5 39. Bg3 Ke4 40. Be1 Kxd4 41. Bh4 Kd3 42. Be1 Kc2 0-1